 Dungeon Crawl Stone Soup version 0.16.1 (webtiles) character file.

53 maniek23 the Ruffian (level 3, -3/29 HPs)
             Began as a Draconian Transmuter on Mar 23, 2015.
             Slain by a gnoll
             ... wielding a +0 halberd
              (7 damage)
             ... on level 3 of the Dungeon.
             The game lasted 00:04:48 (1886 turns).

maniek23 the Ruffian (Draconian Transmuter)         Turns: 1886, Time: 00:04:49

Health: -3/29      AC:  6    Str: 13    XL:     3   Next: 64%
Magic:  2/6        EV: 12    Int: 13    God:
Gold:   105        SH:  0    Dex: 11    Spells: 2 memorised, 3 levels left

rFire  . . .     SeeInvis .       - Unarmed
rCold  . . .     Clarity  +     (armour unavailable)
rNeg   . . .     SustAb   .     (no shield)
rPois  .         Gourm    .     (helmet restricted)
rElec  .         Spirit   .     (no cloak)
rCorr  .         Warding  .     (no gloves)
rMut   .         Stasis   .     c - +0 pair of boots
MR     .....                    l - amulet of clarity
Stlth  +.........               (no ring)
                                (no ring)

@: appendage, not resistant to hostile enchantments, very unstealthy
A: unfitting armour, horns 2, cold-blooded, AC +5
a: End Transformation


You were on level 3 of the Dungeon.
You were hungry.
You had grown temporary horns.
You visited 1 branch of the dungeon, and saw 3 of its levels.

You collected 105 gold pieces.

Inventory:

Missiles
 b - 25 arrows
Armour
 c - a +0 pair of boots (worn)
Jewellery
 l - an amulet of clarity (around neck)
Scrolls
 e - 2 scrolls of identify {unknown}
 k - a scroll of enchant armour {unknown}
 m - a scroll of remove curse {unknown}
 n - a scroll of fog {unknown}
Potions
 g - a potion of cancellation {unknown}
 o - a potion of haste {unknown}
Books
 d - a book of Changes

   Spells                             Type                      Level
   a - Beastly Appendage              Transmutation                1
   b - Sticks to Snakes               Transmutation                2
   c - Spider Form                    Transmutation/Poison         3
   d - Ice Form                       Ice/Transmutation            4
   e - Blade Hands                    Transmutation                5
Comestibles
 a - 2 bread rations
 f - a meat ration
 h - 4 chunks of flesh
 i - 3 fruits
 j - a royal jelly


   Skills:
 + Level 1.7 Fighting
 + Level 2.7 Dodging
 + Level 3.4 Unarmed Combat
 + Level 2.2 Spellcasting
 + Level 2.2 Transmutations


You had 3 spell levels left.
You knew the following spells:

 Your Spells              Type           Power        Failure   Level  Hunger
a - Beastly Appendage     Trmt           #.....       12%         1    ##.....
b - Sticks to Snakes      Trmt           #.........   17%         2    ###....


Dungeon Overview and Level Annotations

Branches:
Dungeon (3/15)

Altars:


Innate Abilities, Weirdness & Mutations

Your plain brown scales are hard (AC +5).
Your body does not fit into most forms of armour.
Your cold-blooded metabolism reacts poorly to cold.
You have a pair of horns on your head.


Message History

Unknown command.
You hit the gnoll. You headbutt the gnoll.
The gnoll is moderately wounded.
Something bites the gnoll.
The gnoll is constricted.
The gnoll hits you with a flail!
The gnoll hits you from afar with a halberd.
* * * LOW HITPOINT WARNING * * *
You swap places.
Your ball python bites something but does no damage.
Your ball python constricts something.
Your ball python bites something.
The gnoll hits your ball python with a flail.
Your ball python dies!
Your ball python bites the gnoll.
Your ball python constricts the gnoll.
A gnoll comes into view.
Your ball python bites the gnoll.
Your ball python constricts the gnoll.
The gnoll barely misses your ball python.
Your ball python bites the gnoll but does no damage.
Your ball python constricts the gnoll.
The gnoll hits you from afar with a halberd!
You die...

#... #..# #..# .
#.†### ....
#.÷#.## .....
####.....#
#....##....<...#
...............##
........@S..####
........g#..#
#.......g%##
....g.[#..#
...#.#....#
....#....#
.........#
.....#.# ....#..#


You could see 3 gnolls and a friendly ball python.

Vanquished Creatures
  An adder (D:2)
  A giant mite (D:2)
  A giant cockroach (D:3)
  7 goblins
  4 hobgoblins
  7 jackals
  4 bats
  A giant newt (D:1)
  7 kobolds
  5 rats
38 creatures vanquished.

Notes
Turn   | Place    | Note
--------------------------------------------------------------
     0 | D:1      | maniek23, the Draconian Transmuter, began the quest for the Orb.
     0 | D:1      | Reached XP level 1. HP: 16/16 MP: 3/3
   344 | D:1      | Reached XP level 2. HP: 18/23 MP: 2/4
   938 | D:2      | Learned a level 2 spell: Sticks to Snakes
   985 | D:2      | Reached XP level 3. HP: 13/28 MP: 0/6
  1886 | D:3      | Slain by a gnoll

Action                   || total
-------------------------++-------
Melee: Unarmed           ||   148
 Cast: Beastly Appendage ||     8
       Sticks to Snakes  ||     3
  Eat: Chunk             ||     3
